 Dungeon Crawl Stone Soup version 0.31-a0-705-ga145531891 (webtiles) character file.

Game seed: 3989147466996978105

164 qw the Shooter (level 5, -3/32 HPs)
             Began as a Gargoyle Hunter on Sept 9, 2023.
             Slain by a gnoll
             ... wielding a +0 spear
              (4 damage)
             ... on level 3 of the Dungeon.
             The game lasted 00:00:50 (1827 turns).

qw the Shooter (Gargoyle Hunter)                    Turns: 1827, Time: 00:00:50

Health: -3/32      AC: 11    Str: 15    XL:     5   Next: 45%
Magic:  0/4        EV: 11    Int:  9    God:
Gold:   74         SH:  0    Dex: 18    Spells: 4/4 levels left

rFire   . . .        Y - +0 shortbow
rCold   + . .        (shield currently unavailable)
rNeg    + . .        j - +2 ring mail {rC+}
rPois   inf          (helmet restricted)
rElec   +            (no cloak)
rCorr   .            (no gloves)
SInv    .            (no boots)
Will    .....        a - amulet of the Lizard {Spirit Dex+3}
Stlth   +            (no ring)
HPRegen 0.25/turn    (no ring)
MPRegen 0.09/turn

%: guardian spirit
@: no status effects
A: sickness immunity, AC +4, negative energy resistance 1, electricity
resistance, torment resistance 1, petrification resistance, antennae 1, low MP 1
a: no special abilities


You were on level 3 of the Dungeon.
You visited 1 branch of the dungeon, and saw 3 of its levels.

You collected 146 gold pieces.
You spent 72 gold pieces at shops.


Innate Abilities, Weirdness & Mutations

You are immune to sickness and miasma.
Your stone body is resilient. (AC +4)
You are immune to poison.
You resist negative energy. (rN+)
You are resistant to electric shocks. (rElec)
You are resistant to unholy torment.
You are immune to petrification.
You have a pair of small antennae on your head.
Your magical capacity is low. (-10% MP)


   Skills:
 - Level 3.4 Fighting
 + Level 5.7 Ranged Weapons
 - Level 1.6 Armour
 - Level 1.5 Dodging
 - Level 1.1 Stealth


You had 4 spell levels left.
You didn't know any spells.
Your spell library was empty.

Inventory:

Hand Weapons
 Y - a +0 shortbow (weapon)
Armour
 j - a +2 ring mail of cold resistance (worn)
 n - a +0 pair of gloves
Jewellery
 a - the amulet of the Lizard (around neck) {Spirit Dex+3}
   (You acquired it on level 2 of the Dungeon)

   [amulet of guardian spirit]

   Spirit:    It causes incoming damage to be divided between your reserves of
   health and magic.
   Dex+3:     It affects your dexterity (+3).
 l - a ring of see invisible
Scrolls
 c - 2 scrolls of identify
 d - a scroll of poison {unknown}
 g - a scroll of revelation {unknown}
 k - a scroll of teleportation
 m - a scroll of noise {unknown}
 o - a scroll of fear {unknown}
 p - a scroll of blinking {unknown}
Potions
 b - a potion of ambrosia {unknown}
 e - 3 potions of curing
 f - a potion of resistance {unknown}
 h - 3 potions of mutation
 i - a potion of might {unknown}

Dungeon Overview and Level Annotations

Branches:
Dungeon (3/15)

Altars:
Hepliaklqana

Shops:
D:3 =*


Message History

The orc barely misses you. The goblin closely misses you.
You shoot an arrow. The arrow hits the orc!
You kill the orc!
The gnoll closely misses you. The goblin barely misses you.
You shoot an arrow. The arrow hits the goblin!
You kill the goblin!
The gnoll throws a throwing net.
The throwing net hits you.
You become entangled in the net!
The gnoll hits you from afar with a +0 spear.
You tear a large gash into the net.
The gnoll hits you but does no damage. x2
You struggle against the net.
The gnoll hits you from afar with a +0 spear.
The gnoll hits you but does no damage.
You rip the net and break free!
The gnoll closely misses you. The gnoll hits you but does no damage.
You shoot an arrow. The arrow hits the gnoll.
The gnoll is lightly wounded.
The gnoll hits you from afar with a +0 spear.
The gnoll hits you but does no damage. The gnoll barely misses you.
The gnoll closely misses you. The gnoll barely misses you.
The gnoll closely misses you.
You shoot an arrow. The arrow barely misses the gnoll.
The gnoll hits you from afar with a +0 spear.
The gnoll closely misses you. The gnoll hits you but does no damage.
You shoot an arrow. The arrow closely misses the gnoll.
The gnoll hits you but does no damage. x2
The gnoll hits you from afar with a +0 spear.
You shoot an arrow.
The arrow hits the gnoll but does no damage.
The gnoll is lightly wounded.
The gnoll hits you from afar with a +0 spear.
The gnoll hits you but does no damage.
The gnoll hits you from afar with a +0 spear.
You shoot an arrow. The arrow hits the gnoll!
The gnoll is severely wounded.
The gnoll hits you from afar with a +0 spear.
The gnoll hits you but does no damage. The gnoll barely misses you.
The gnoll hits you from afar with a +0 spear. x2
You die...

#.....#.######..### ..
#######.# #>...# . ~~~~~~~.#
####.# #. #######.## ####.#
#..#.....#..# #....#
#.)###.###..# #.####
#..g.#.#....#####.#
#..g)#.#.#......#.#
#g)@...#......#.#
#######....[..#.#
#.......#.#### #.......#.#.8.
#############.####'##.#...
#..........##.# #.##.#...
##.#.....##.##.# #.##.#...
####..#....#...##.####....#..)
#<.....#..#....##.......#.#...


You could see 3 gnolls.

Vanquished Creatures
  An orc priest (D:3)
  3 gnolls (D:3)
  3 adders
  2 worms (D:3)
  2 dart slugs
  8 orcs
  5 ball pythons
  2 endoplasms (D:1)
  A giant cockroach (D:1)
  12 goblins
  5 hobgoblins
  5 bats
  3 frilled lizards (D:1)
  5 kobolds
  4 rats
61 creatures vanquished.

Notes
Turn   | Place    | Note
-------+----------+-------------------------------------------
     0 | D:1      | qw the Gargoyle Hunter began the quest for the Orb.
     0 | D:1      | Reached XP level 1. HP: 12/12 MP: 1/1
     0 | D:1      | 0 ||| qw: Version: 0.3-a-80-g7a812ce
     0 | D:1      | 0 ||| qw: Game counter: 1308
     0 | D:1      | 0 ||| qw: Melee chars always use a shield: true
     0 | D:1      | 0 ||| qw: God list: Okawaru
     0 | D:1      | 0 ||| qw: Allow faded altars: false
     0 | D:1      | 0 ||| qw: Do Orc after clearing Dungeon:15 true
     0 | D:1      | 0 ||| qw: Do second Lair branch before Depths: true
     0 | D:1      | 0 ||| qw: Lair rune preference: random
     0 | D:1      | 0 ||| qw: Goals: Normal
     0 | D:1      | 0 ||| PLANNING D:1-11
   106 | D:1      | Reached XP level 2. HP: 11/17 MP: 2/2
   278 | D:1      | 278 ||| PLANNING D:1-11
   622 | D:1      | 622 ||| UPGRADING to +2 ring mail of cold resistance.
   632 | D:1      | 632 ||| DROPPING +0 leather armour.
   633 | D:1      | 633 ||| DROPPING ring of magical power.
   634 | D:1      | 634 ||| READING scroll labelled UFISAL QAMP.
   635 | D:1      | 635 ||| READING scroll labelled ONIMESIEME.
   636 | D:1      | 636 ||| READING 2 scrolls labelled IHO TAPHUSTRI.
   639 | D:1      | 639 ||| DRINKING 2 brown potions.
   639 | D:1      | Gained mutation: Your magical capacity is low. (-10% MP)
                  | [potion of mutation]
   639 | D:1      | Gained mutation: You have a pair of small antennae on your
                  | head. [potion of mutation]
   640 | D:1      | 640 ||| DROPPING scroll of butterflies.
   691 | D:2      | Reached skill level 1 in Armour
   691 | D:2      | Reached XP level 3. HP: 21/21 MP: 2/2
   761 | D:2      | Found a hazy altar of Hepliaklqana.
   801 | D:2      | Reached skill level 5 in Ranged Weapons
  1017 | D:2      | Reached XP level 4. HP: 27/27 MP: 3/3
  1295 | D:2      | 1295 ||| UPGRADING to amulet of the acrobat.
  1300 | D:2      | 1300 ||| READING scroll labelled TAGEAT XUICKIB.
  1301 | D:2      | 1301 ||| READING scroll labelled SIXOFATATI.
  1302 | D:2      | 1302 ||| READING scroll labelled MUNTAE HOXZO.
  1302 | D:2      | Identified a scroll of acquirement
  1302 | D:2      | 1302 ||| ACQUIRING amulet of the Lizard {Spirit Dex+3}
  1302 | D:2      | Acquired the amulet of the Lizard {Spirit Dex+3}
  1304 | D:2      | 1304 ||| UPGRADING to amulet of the Lizard {Spirit Dex+3}.
  1314 | D:2      | 1314 ||| DROPPING amulet of the acrobat.
  1428 | D:3      | Reached skill level 3 in Fighting
  1435 | D:3      | Found Zuvoq's Jewellery Shop.
  1455 | D:3      | 1455 ||| Stepping ~*~*~tactically~*~*~ (retreating).
  1456 | D:3      | 1456 ||| Stepping ~*~*~tactically~*~*~ (retreating).
  1464 | D:3      | Reached XP level 5. HP: 23/32 MP: 4/4
  1504 | D:3      | 1504 ||| SHOPLISTING +4 ring of protection (396 gold, have
                  | 103).
  1504 | D:3      | 1504 ||| SHOPLISTING amulet of faith (440 gold, have 103).
  1504 | D:3      | 1504 ||| SHOPLISTING ring of Moral Flaws {rPois rF- rN+
                  | MP+9 Str+2} (358 gold, have 103).
  1504 | D:3      | 1504 ||| SHOPLISTING ring of Zuqag {Int+6 Dex+3} (542 gold,
                  | have 103).
  1504 | D:3      | 1504 ||| SHOPLISTING ring of protection from fire (275
                  | gold, have 103).
  1504 | D:3      | 1504 ||| SHOPLISTING ring of willpower (275 gold, have
                  | 103).
  1747 | D:3      | Found Deceserr's General Store.
  1750 | D:3      | 1750 ||| BUYING 2 potions of curing (72 gold).
  1750 | D:3      | Bought 2 potions of curing for 72 gold pieces
  1827 | D:3      | HP: 5/32 [gnoll/+0 spear (5)]
  1827 | D:3      | HP: 1/32 [gnoll/+0 spear (4)]
  1827 | D:3      | Slain by a gnoll

Levels and vault maps discovered:
D:1:      dpeg_arrival_rhombi, layout_basic
D:2:      minmay_spotlight, layout_basic, basic_altar, uniq_jessica
D:3:      kennysheep_the_goblin_king, layout_basic, serial_shops, shop, shop,
          shop, nicolae_shop_overgrown_old_shop, nicolae_shop_real_fake_doors,
          minmay_misc_feat_chi, grunt_decor_cap

Skill      XL: |  1  2  3  4 |
---------------+-------------+-----
Armour         | 1 |  1.6
Ranged Weapons | 5 |  5.7
Fighting       | 3 |  3.4
Dodging        | |  1.5
Stealth        | |  1.1

Action                     |  1- 3 |  4- 6 || total
---------------------------+-------+-------++-------
   Fire: Shortbow          |   106 |    89 ||   195
    Use: Scroll            |     3 |     3 ||     6
         Potion            |     1 |       ||     1
 Armour: Leather armour    |     6 |       ||     6
         Ring mail         |    31 |    47 ||    78
  Dodge: Dodged            |    25 |    34 ||    59

Table legend:
 A = Non-vault XP
 B = Vault XP
 C = Vault XP percentage of total XP
 D = Non-vault monster count
 E = Vault monster count
 F = Vault count percentage of total count
                 A         B        C        D         E       F
            +---------+---------+-------+---------+---------+-------
      Total |     217 |      18 |   7.7 |      51 |      10 |  16.4
            +---------+---------+-------+---------+---------+-------
        D:1 |      24 |       0 |   0.0 |      15 |       0 |   0.0
        D:2 |      56 |       6 |   9.7 |      17 |       3 |  15.0
        D:3 |     137 |      12 |   8.1 |      19 |       7 |  26.9
            +---------+---------+-------+---------+---------+-------
